 Dungeon Crawl Stone Soup version 0.18.1-47-g9310371 (webtiles) character file.

5034 Jerry the Summoner (level 10, -29/69 HPs)
             Began as a Green Draconian Ice Elementalist on June 20, 2016.
             Was a Believer of Kikubaaqudgha.
             Killed from afar by a fire dragon (49 damage)
             ... with a blast of flame
             ... on level 9 of the Dungeon.
             The game lasted 00:57:18 (10734 turns).

Jerry the Summoner (DrIE)                          Turns: 10734, Time: 00:57:18

Health: -29/69     AC: 11    Str: 12    XL:     10   Next: 30%
Magic:  9/26       EV: 12    Int: 18    God:    Kikubaaqudgha [**....]
Gold:   412        SH:  0    Dex: 11    Spells: 6 memorised, 3 levels left

rFire  x . .     SeeInvis .     u - +7 flail of Latwiush {speed, MP+9}
rCold  + . .     Gourm    +     (armour unavailable)
rNeg   . . .     Faith    .     (no shield)
rPois  +         Spirit   .     E - +0 hat {MR+}
rElec  .         Dismiss  .     K - +2 cloak
rCorr  .         Reflect  .     (no gloves)
SustAt +         Harm     .     h - +0 pair of boots
MR     +....                    r - amulet of the gourmand
Stlth  +.........               G - ring of ice
                                F - ring of sustain attributes

@: short of breath, drained, somewhat resistant to hostile enchantments, very
unstealthy
A: breathe noxious fumes, unfitting armour, poison resistance, cold-blooded, AC
+7
a: Breathe Noxious Fumes, Receive Corpses, Renounce Religion


You were on level 9 of the Dungeon.
You worshipped Kikubaaqudgha.
Kikubaaqudgha was pleased with you.
You were full.

You visited 2 branches of the dungeon, and saw 10 of its levels.

You collected 412 gold pieces.

Inventory:

Hand Weapons
 u - the +7 flail of Latwiush (weapon) {speed, MP+9}
   (You found it on level 5 of the Dungeon)

   Attacks with this weapon are significantly faster.
   It affects your magic capacity (+9).
 w - a +2 short sword of electrocution
Missiles
 d - 233 stones (quivered)
Armour
 h - a +0 pair of boots (worn)
 E - a +0 hat of magic resistance (worn)
 K - a +2 cloak (worn)
Jewellery
 j - an uncursed ring of see invisible
 r - an amulet of the gourmand (around neck)
 y - the ring "Kova" {rElec MP-9 Dex+5 Slay+4 Stlth+}
   (You found it on level 4 of the Dungeon)

   [ring of stealth]

   It affects your dexterity (+5).
   It affects your accuracy and damage with ranged weapons and melee attacks
   (+4).
   It insulates you from electricity.
   It affects your magic capacity (-9).
   It makes you more stealthy.
 z - an uncursed ring of protection from cold
 F - a ring of sustain attributes (left hand)
 G - a ring of ice (right hand)
Wands
 v - a wand of acid (8/15)
 A - a wand of flame (0/48)
 C - a wand of lightning (0/15)
 I - a wand of lightning (6/15)
 J - a wand of flame (33/48)
 P - a wand of disintegration (12/24)
 R - a wand of lightning (8/15)
 T - a wand of confusion (16/48)
 U - a wand of confusion (19/48)
Scrolls
 g - 5 scrolls of remove curse
 l - 2 scrolls of teleportation
 p - 2 scrolls of recharging
 q - a scroll of enchant weapon
 x - a scroll of magic mapping
 N - 2 scrolls of identify
 Q - a scroll of vulnerability {unknown}
 S - a scroll of noise {unknown}
Potions
 e - 4 potions of curing
 i - 2 potions of degeneration {unknown}
 k - a potion of magic {unknown}
 m - 3 potions of lignification {unknown}
 o - a potion of brilliance {unknown}
 t - 2 potions of berserk rage {unknown}
 B - a potion of mutation {unknown}
 H - a potion of haste {unknown}
 M - 2 potions of flight {unknown}
 O - a potion of cancellation {unknown}
Books
 a - a book of Frost

   Spells                             Type                      Level
   a - Freeze                         Ice                          1
   b - Throw Frost                    Conjuration/Ice              2
   c - Ozocubu's Armour               Charms/Ice                   3
   d - Throw Icicle                   Conjuration/Ice              4
   e - Summon Ice Beast               Ice/Summoning                4
 L - Kikubaaqudgha's Tome of Sinister Secrets
   (Kikubaaqudgha gifted it to you on level 7 of the Dungeon)

   Spells                             Type                      Level
   a - Pain                           Necromancy                   1
   b - Corpse Rot                     Necromancy                   2
   c - Sublimation of Blood           Necromancy                   2
   d - Regeneration                   Charms/Necromancy            3
   e - Control Undead                 Necromancy                   4
Comestibles
 b - 6 bread rations
 c - 7 meat rations
 f - 11 royal jellies
 n - 2 slices of pizza
 s - 8 beef jerkies
 D - 5 fruits


   Skills:
 - Level 1.7(1.3) Dodging
 - Level 1.7(1.3) Stealth
 - Level 5.1(4.6) Spellcasting
 - Level 3.6(3.1) Conjurations
 + Level 1.3(0.9) Charms
 + Level 11.9(11.3) Summonings
 + Level 4.8(4.3) Necromancy
 - Level 5.0(4.5) Ice Magic


You had 3 spell levels left.
You knew the following spells:

 Your Spells              Type           Power        Failure   Level  Hunger
a - Freeze                Ice            ####         1%          1    None
b - Throw Frost           Conj/Ice       ####..       4%          2    #......
c - Summon Ice Beast      Ice/Summ       #####...     6%          4    ####...
d - Sublimation of Blood  Necr           ###.......   3%          2    #......
e - Control Undead        Necr           ###.......   24%         4    ####...
f - Regeneration          Chrm/Necr      ##........   17%         3    ###....


Dungeon Overview and Level Annotations

Branches:
Dungeon (9/15)             Temple (1/1) D:6
   Lair: D:8-11         Orc: D:9-12

Altars:
Ashenzari
Cheibriados
Dithmenos
Elyvilon
Fedhas
Gozag
Kikubaaqudgha
Makhleb
Nemelex Xobeh
Okawaru
Pakellas
Qazlal
Ru
Sif Muna
Trog
Vehumet
Xom
Yredelemnul
Zin
The Shining One

Shops:
D:6 [%   D:8 **


Innate Abilities, Weirdness & Mutations

You can breathe blasts of noxious fumes.
Your lurid green scales are hard (AC +7).
Your body does not fit into most forms of armour.
Your system is resistant to poisons.
You are cold-blooded and may be slowed by cold attacks.


Message History

Aim: a fire dragon (catching its breath)
You exhale a blast of noxious fumes.
The blast of choking fumes misses the fire dragon.
You feel somewhat less full.
Your ice beast closely misses the fire dragon.
Your ice beast hits the fire dragon but does no damage.
Your ice beast barely misses the fire dragon.
Your ice beast hits the fire dragon but does no damage.
Casting: Summon Ice Beast
Confirm with . or Enter, or press ? or * to list all spells.
You feel a surge of power! A chill wind blows around you.
Your ice beast hits the fire dragon.
Your ice beast freezes the fire dragon!
The fire dragon is frozen!
Your ice beast hits the fire dragon.
Your ice beast freezes the fire dragon!!
The fire dragon is frozen!
The fire dragon breathes flames at you. The blast of flame hits you!
The fire burns you terribly!
Ouch! That really hurt!
You die...
Kikubaaqudgha rasps: "You have failed me!
Welcome... death!"

#...?..≈≈#
..§.....#
#.§..... #..§[..#
#.Y§Y.. #.D..
#.§# ...# #..#
##...<# #@##
.....# #Y# ....#
##.# #.#.# #..#
#.#.# #.##
#...#### #.#
.####.#....# #.#
........##.####.#
#####.#.##.##...#


You could see a fire dragon and 3 friendly ice beasts.

Vanquished Creatures
  A hill giant (D:8)
  The ghost of schammes the Ducker, a novice DsFi of Qazlal (D:6)
  Prince Ribbit (D:6)
  Menkaure (D:6)
  A soldier ant (D:8)
  Duvessa (D:6)
  An ice beast (D:7)
  A phantom (D:8)
  3 ogres
  The ghost of modernzombie the Ducker, an amateur SpAK of Lugonu (D:3)
  A giant frog (D:7)
  Dowan (D:6)
  2 scorpions
  7 wights
  3 killer bees (D:8)
  A howler monkey (D:3)
  6 crimson imps
  A giant frog zombie (D:5)
  7 hounds
  Crazy Yiuf (D:6)
  An orc priest (D:6)
  A centaur skeleton (D:4)
  2 giant frog skeletons
  4 orc wizards
  7 worker ants
  3 gnolls (D:4)
  9 adders
  A shadow imp (D:5)
  2 worms
  8 dart slugs (D:4)
  5 giant geckos
  17 orcs
  7 giant cockroaches
  10 goblins
  3 hobgoblins
  12 jackals
  9 kobolds
  2 quokkas
  10 bats
  2 giant newts (D:1)
  7 rats
  A fungus (D:6)
165 creatures vanquished.

Vanquished Creatures (collateral kills)
  Gastronok (D:8)
  Joseph (D:8)
  A soldier ant (D:8)
  4 ogres (D:8)
  A centaur (D:8)
  A giant frog (D:9)
  A gnoll sergeant (D:8)
  2 killer bees (D:8)
  8 wights (D:9)
  A giant frog zombie (D:8)
  A giant frog skeleton (D:8)
  An orc priest (D:9)
  An orc wizard (D:8)
  An iguana (D:7)
  2 worker ants
  An adder (D:9)
  4 gnolls (D:8)
  A shadow imp (D:8)
  2 orcs
35 creatures vanquished.

Grand Total: 200 creatures vanquished

Notes
Turn   | Place    | Note
--------------------------------------------------------------
     0 | D:1      | Jerry the Draconian Ice Elementalist began the quest for the Orb.
     0 | D:1      | Reached XP level 1. HP: 14/14 MP: 3/3
   349 | D:1      | Reached XP level 2. HP: 19/20 MP: 5/5
   886 | D:1      | Reached XP level 3. HP: 26/26 MP: 7/7
   919 | D:1      | Learned a level 2 spell: Throw Frost
  1718 | D:3      | Reached XP level 4. HP: 33/33 MP: 2/8
  2141 | D:3      | Noticed modernzombie's ghost (amateur SpAK)
  2177 | D:3      | Killed modernzombie's ghost
  2177 | D:3      | Reached XP level 5. HP: 29/38 MP: 1/9
  3028 | D:4      | Reached skill level 5 in Ice Magic
  3249 | D:4      | Learned a level 4 spell: Summon Ice Beast
  3332 | D:4      | Found an opulent altar of Gozag.
  3332 | D:4      | Found a bloodstained altar of Trog.
  3399 | D:4      | Reached skill level 1 in Summonings
  3399 | D:4      | Reached XP level 6. HP: 40/45 MP: 5/10
  3520 | D:4      | Got a crude jade ring
  3603 | D:4      | Found an iron altar of Okawaru.
  3610 | D:4      | Reached skill level 2 in Summonings
  3622 | D:4      | Reached skill level 3 in Summonings
  3837 | D:4      | Identified the ring "Kova" {rElec MP-9 Dex+5 Slay+4 Stlth+} (You found it on level 4 of the Dungeon)
  4548 | D:5      | Entered Level 5 of the Dungeon
  4572 | D:4      | Reached skill level 4 in Summonings
  4572 | D:4      | Your scales start taking on a lurid green colour.
  4572 | D:4      | Reached XP level 7. HP: 42/50 MP: 2/11
  4572 | D:4      | Gained mutation: Your system is resistant to poisons. [Green Draconian growth]
  4862 | D:5      | Reached skill level 5 in Summonings
  4940 | D:5      | Got a bone flail
  4941 | D:5      | Identified the +7 flail of Latwiush {speed, MP+9} (You found it on level 5 of the Dungeon)
  5100 | D:5      | Found a radiant altar of Vehumet.
  5422 | D:5      | Found a white marble altar of Elyvilon.
  5466 | D:5      | Found a shadowy altar of Dithmenos.
  5472 | D:5      | Found a snail-covered altar of Cheibriados.
  5475 | D:5      | Found a shimmering altar of Xom.
  5594 | D:6      | Found a staircase to the Ecumenical Temple.
  5603 | Temple   | Entered the Ecumenical Temple
  5762 | Temple   | Became a worshipper of Kikubaaqudgha
  5841 | D:5      | Reached skill level 6 in Summonings
  5890 | D:6      | Reached XP level 8. HP: 26/57 MP: 11/12
  6099 | D:6      | Found Sutib's Armour Boutique.
  6150 | D:6      | Noticed Menkaure
  6163 | D:6      | Killed Menkaure
  6163 | D:6      | Reached skill level 7 in Summonings
  6526 | D:6      | Noticed Duvessa
  6548 | D:6      | Killed Duvessa
  6553 | D:6      | Noticed Dowan
  6605 | D:6      | Killed Dowan
  6605 | D:6      | Reached skill level 8 in Summonings
  6777 | D:6      | Found a blossoming altar of Fedhas.
  6777 | D:6      | Noticed Prince Ribbit
  6787 | D:6      | Killed Prince Ribbit
  6840 | D:6      | Found Puhuor's Food Shoppe.
  6856 | D:6      | Noticed schammes's ghost (novice DsFi)
  6864 | D:6      | Killed schammes's ghost
  6864 | D:6      | Reached skill level 9 in Summonings
  7103 | D:6      | Reached skill level 10 in Summonings
  7103 | D:6      | Reached XP level 9. HP: 62/62 MP: 13/13
  7608 | D:6      | Noticed Crazy Yiuf
  7611 | D:6      | Killed Crazy Yiuf
  8182 | D:7      | Reached * piety under Kikubaaqudgha
  8182 | D:7      | Received a gift from Kikubaaqudgha
  8183 | D:7      | Identified Kikubaaqudgha's Tome of Sinister Secrets (Kikubaaqudgha gifted it to you on level 7 of the Dungeon)
  8232 | D:7      | Learned a level 2 spell: Sublimation of Blood
  8291 | D:7      | Reached skill level 11 in Summonings
  8296 | D:7      | Reached skill level 1 in Necromancy
  8731 | D:8      | Found Liomimul's Elemental Accessories.
  8752 | D:8      | Found Fyorhaum's Assorted Antiques.
  9035 | D:8      | Noticed Gastronok
  9063 | D:8      | Killed Gastronok
  9096 | D:8      | Noticed a hill giant
  9118 | D:8      | Killed a hill giant
  9118 | D:8      | Reached XP level 10. HP: 58/69 MP: 12/17
  9297 | D:8      | Reached ** piety under Kikubaaqudgha
  9424 | D:8      | Found a shattered altar of Ashenzari.
  9425 | D:8      | Noticed Joseph
  9474 | D:8      | Killed Joseph
  9474 | D:8      | Reached skill level 5 in Spellcasting
  9480 | D:8      | Learned a level 4 spell: Control Undead
  9484 | D:8      | Learned a level 3 spell: Regeneration
  9852 | D:8      | Reached skill level 1 in Charms
 10727 | D:9      | Noticed a fire dragon
 10734 | D:9      | Killed from afar by a fire dragon

Skill      XL: |  1  2  3  4  5  6  7  8  9 10 |
---------------+-------------------------------+-----
Spellcasting   | 3 4 5 |  5.1
Conjurations   | 2 3 |  3.6
Ice Magic      | 4 5 |  5.0
Summonings     | 1 4 6 10 11 | 11.9
Necromancy     | 4 |  4.8
Charms         | 1 |  1.3
Dodging        | |  1.7
Stealth        | |  1.7

Action                   |  1- 3 |  4- 6 |  7- 9 | 10-12 || total
-------------------------+-------+-------+-------+-------++-------
Melee: Unarmed           |    12 |       |       |       ||    12
       Short sword       |    98 |    59 |     7 |       ||   164
       Tailslap          |     6 |     8 |     7 |     3 ||    24
       Flail             |       |       |    69 |    30 ||    99
Throw: Stone             |     1 |    68 |    76 |     5 ||   150
 Cast: Freeze            |    19 |    64 |   139 |     1 ||   223
       Throw Frost       |       |    12 |    23 |       ||    35
       Summon Ice Beast  |       |       |    13 |    28 ||    41
 Abil: Breathe Noxious F |       |       |       |     1 ||     1
Evoke: Wand              |       |       |    16 |       ||    16
  Use: Scroll            |       |    10 |     4 |       ||    14
 Stab: Sleeping          |     3 |     2 |     1 |     1 ||     7
       Distracted        |       |       |     1 |       ||     1
  Eat: Chunk             |     3 |    18 |    17 |     7 ||    45
Armor: Skin              |    45 |    21 |    46 |    10 ||   122
Dodge: Dodged            |    80 |    64 |   101 |    26 ||   271
